 Dungeon Crawl Stone Soup version 0.27.1-3-gb3d3a73c9e (webtiles) character file.

Game seed: 840613995310435777

264 Crownlay the Chopper (level 5, -4/45 HPs)
             Began as a Minotaur Fighter on Oct 10, 2021.
             Was an Initiate of Okawaru.
             Slain by an orc (5 damage)
             ... on level 3 of the Dungeon.
             The game lasted 00:03:22 (2878 turns).

Crownlay the Chopper (Minotaur Fighter)             Turns: 2878, Time: 00:03:23

Health: -4/45      AC:  6    Str: 33    XL:     5   Next: 98%
Magic:  4/4        EV: 10    Int:  5    God:    Okawaru [......]
Gold:   156        SH:  0    Dex: 10    Spells: 4/4 levels left

rFire    . . .     SeeInvis .   a - +0 war axe
rCold    . . .     Faith    .   (no shield)
rNeg     . . .     Spirit   .   b - +0 scale mail
rPois    .         Reflect  .   (helmet restricted)
rElec    .         Harm     .   (no cloak)
rCorr    .         Rampage  .   (no gloves)
Will     .....                  (no boots)
Stlth    ..........             (no amulet)
HPRegen  0.15/turn              h - +6 ring of strength
MPRegen  0.09/turn              l - +6 ring of strength

@: no status effects
A: horns 2, retaliatory headbutt
a: Renounce Religion


You were on level 3 of the Dungeon.
You worshipped Okawaru.
Okawaru was noncommittal.
You visited 1 branch of the dungeon, and saw 3 of its levels.

You collected 156 gold pieces.

Inventory:

Hand Weapons
 a - a +0 war axe (weapon)
Armour
 b - a +0 scale mail (worn)
 c - a +0 kite shield
Jewellery
 h - a +6 ring of strength (left hand)
 l - a +6 ring of strength (right hand)
Scrolls
 e - a scroll of amnesia {unknown}
 g - 4 scrolls of identify {unknown}
 j - 2 scrolls of teleportation {unknown}
 k - a scroll of enchant armour {unknown}
 m - a scroll of vulnerability {unknown}
Potions
 d - a potion of might
 f - a potion of degeneration {unknown}
 i - a potion of brilliance {unknown}
 n - a potion of berserk rage {unknown}


   Skills:
 - Level 3.6 Fighting
 + Level 7.6 Axes
 - Level 3.6 Armour
 - Level 3.6 Shields


You had 4 spell levels left.
You didn't know any spells.
Your spell library was empty.

Dungeon Overview and Level Annotations

Branches:
Dungeon (3/15)

Altars:
Kikubaaqudgha
Okawaru


Innate Abilities, Weirdness & Mutations

You have a pair of horns on your head.
You reflexively headbutt those who attack you in melee.


Message History

You closely miss the gnoll sergeant.
You headbutt the gnoll sergeant, but do no damage.
You miss something. You hit the orc. The gnoll sergeant closely misses you.
The orc hits you but does no damage. The orc closely misses you.
You slash the orc!
You kill the orc!
Okawaru accepts your kill.
You closely miss something. You barely miss the gnoll sergeant.
The orc throws a boomerang.
The boomerang barely misses you.
The gnoll sergeant hits you with a +0 vampiric trident!
The orc hits you from afar with a +0 trident.
You slash the gnoll sergeant! You headbutt the gnoll sergeant.
The gnoll sergeant is heavily wounded.
You barely miss something. You hit the orc but do no damage.
Something hits you.
The gnoll sergeant hits you with a +0 vampiric trident.
The orc curses loudly, in orcish tradition.
The orc hits you with a +0 short sword. The orc closely misses you.
You are too injured to fight recklessly!
You are too injured to fight recklessly!
You barely miss something. You headbutt something. You hit the orc.
You barely miss the orc. You hit the gnoll sergeant. You closely miss the orc.
The orc barely misses you. You furiously retaliate!
You headbutt the orc, but do no damage. The gnoll sergeant barely misses you.
The orc hits you with a +0 short sword. The orc closely misses you.
Something hits you but does no damage. The orc hits you with a +0 dagger.
* * * LOW HITPOINT WARNING * * *
The orc hits you with a +0 short sword.
* * * LOW HITPOINT WARNING * * *
You barely miss something. Your headbutt misses something. You slash the orc!
You kill the orc!
Okawaru accepts your kill.
You completely miss the orc. You hit the gnoll sergeant.
You closely miss the orc.
The gnoll sergeant hits you with a +0 vampiric trident!
* * * LOW HITPOINT WARNING * * *
The gnoll sergeant draws strength from your wounds!
The orc hits you but does no damage.
The orc hits you from afar with a +0 trident.
You die...

############## ........#8..8#
......oo'....+ .....og@'....+
......o)#....# ''#######....#
#....# ≈ #....# ≈###+# #....#
≈#...#############''''###########
≈#.go#...........................
≈#####≈≈≈≈≈≈≈≈≈≈≈≈....≈≈≈≈≈≈≈≈≈≈≈


You could see a gnoll sergeant and 4 orcs.

Vanquished Creatures
  2 vampire bats (D:3)
  2 orc priests (D:3)
  An adder (D:2)
  3 gnolls (D:3)
  2 dart slugs (D:2)
  7 orcs (D:3)
  4 bat skeletons (D:3)
  2 bat zombies (D:3)
  6 endoplasms
  2 giant cockroaches
  8 goblins
  5 hobgoblins
  6 jackals
  6 kobolds
  A quokka (D:2)
  4 ball pythons
  7 bats
  3 frilled lizards
  4 rats
75 creatures vanquished.

Vanquished Creatures (others)
  A plant (D:3)
1 creature vanquished.

Grand Total: 76 creatures vanquished

Notes
Turn   | Place    | Note
-------+----------+-------------------------------------------
     0 | D:1      | Crownlay the Minotaur Fighter began the quest for the Orb.
     0 | D:1      | Reached XP level 1. HP: 19/19 MP: 0/0
   188 | D:1      | Reached skill level 3 in Axes
   211 | D:1      | Reached XP level 2. HP: 26/26 MP: 1/1
   709 | D:1      | Found a faded altar of an unknown god.
  1050 | D:2      | Reached skill level 4 in Axes
  1146 | D:2      | Reached XP level 3. HP: 21/31 MP: 2/2
  1650 | D:2      | Reached skill level 5 in Axes
  1944 | D:3      | Reached XP level 4. HP: 34/39 MP: 3/3
  1951 | D:3      | Reached skill level 6 in Axes
  2288 | D:3      | Reached XP level 5. HP: 45/45 MP: 4/4
  2383 | D:3      | Found an iron altar of Okawaru.
  2417 | D:3      | Became a worshipper of Warmaster Okawaru
  2788 | D:3      | Found an ancient bone altar of Kikubaaqudgha.
  2795 | D:3      | Reached skill level 7 in Axes
  2878 | D:3      | HP: 1/45 [gnoll sergeant (8)]
  2878 | D:3      | Slain by an orc

Illustrated notes

Levels and vault maps discovered:
D:1:      lemuel_arrival_river_ford, layout_loops_corners,
          dilly_ecumenical_altar_fadedgnrine
D:2:      kennysheep_six_static_rooms, layout_basic
D:3:      lemuel_castle_with_subvaults [lemuel_castle_interior_carwin_2],
          layout_loops_corners, kennysheep_vampire_church,
          mainiacjoe_overflow_brackets

Skill      XL: |  1  2  3  4  5 |
---------------+----------------+-----
Axes           | 3 4 5 6 7 |  7.6
Fighting       | |  3.6
Armour         | |  3.6
Shields        | |  3.6

Action                   |  1- 3 |  4- 6 || total
-------------------------+-------+-------++-------
Melee: War axe           |    65 |    45 ||   110
       Headbutt          |     7 |    11 ||    18
Armor: Scale mail        |    38 |    21 ||    59
Dodge: Dodged            |    30 |    30 ||    60
